[Event "*** SCC Grand Prix: Titled Tuesday Blitz"]
[Site "Chess.com"]
[Date "2020.06.02"]
[Round "6"]
[White "TigranMukhutdinov"]
[Black "Kira170"]
[Result "0-1"]
[WhiteElo "2449"]
[BlackElo "2623"]
[TimeControl "180+1"]
[EndTime "11:07:18 PDT"]
[Termination "Kira170 won by resignation"]

1. Nf3 Nf6 2. g3 e6 3. Bg2 d5 4.
O-O g6 5. c4 Bg7 6. b3 O-O 7.
Bb2 b6 8. d3 Bb7 9. Nbd2 c5 10.
cxd5 exd5 11. Ne5 Re8 12. Qc2 Na6 13. Rac1 Rc8 14. Rfe1 Qc7 15. e3 Rxe5 16. Bxe5 Qxe5 17. d4 cxd4 18. Qxc8+ Bxc8 19. Rxc8+ Bf8 20. Nf3 Qe6 21.
Ra8 d3 22. Rc1 Kg7 23. Bf1 Qe4 24. Nd2 Qb4 25. Rd1 Nc5 26. Rxa7 Nfe4 27. a3 Qc3 28. b4 Nxd2 29. bxc5 Bxc5 30. Bg2 Ne4 31. Rd7 Qc2 32. Rf1 d2 33. Rxd5 Nxf2 34. Rd7 d1=Q 0-1

[Event "*** SCC Grand Prix: Titled Tuesday Blitz"]
[Site "Chess.com"]
[Date "2020.06.02"]
[Round "6"]
[White "superchess02"]
[Black "Oligan22"]
[Result "1-0"]
[WhiteElo "2699"]
[BlackElo "2426"]
[TimeControl "180+1"]
[EndTime "11:07:19 PDT"]
[Termination "superchess02 won by resignation"]

1. e4 c6 2. d4 d5 3. exd5 cxd5 4.
c4 Nc6 5. Nf3 Nf6 6. Nc3 e6 7.
Bg5 Be7 8. Rc1 O-O 9. a3 Ne4 10. Bxe7 Qxe7 11. Qc2 Nxc3 12. Qxc3 dxc4 13. Bxc4 Rd8 14.
O-O Qd6 15. Rcd1 Ne7 16. Ne5 Bd7 17. Qf3 f6 18. Nxd7 Rxd7 19. Rfe1 Nd5 20. Rd2 Re8 21.
g3 a6 22. Rde2 Nc7 23. Qxb7 Nb5 24. Rxe6 Rxe6 25. Bxe6+ Qxe6 26. Qc8+ Kf7 27. Rxe6 Kxe6 28. Qxa6+ Nd6 29. a4 Ke7 30. a5 Nf5 31. Qb6 Nxd4 32.
a6 Nf3+ 33. Kg2 Ne1+ 34. Kh3 g5 35. Qb4+ 1-0

[Event "*** SCC Grand Prix: Titled Tuesday Blitz"]
[Site "Chess.com"]
[Date "2020.06.02"]
[Round "6"]
[White "blitzking1729"]
[Black "icychess54"]
[Result "1-0"]
[WhiteElo "2469"]
[BlackElo "2250"]
[TimeControl "180+1"]
[EndTime "11:07:24 PDT"]
[Termination "blitzking1729 won by resignation"]

1. d4 d5 2. c4 c6 3. Nf3 Nf6 4. Qc2 e6 5. Nbd2 Nbd7 6. g3 Bd6 7. Bg2 O-O 8. O-O Qe7 9. e4 dxe4 10. Nxe4 Bc7 11. Re1 Nxe4 12. Qxe4 Nf6 13. Qe2 Rd8 14. Be3 Nd7 15. Rad1 b6 16. Bg5 f6 17. Bc1 Kf7 18.
d5 cxd5 19. cxd5 e5 20. d6 Bxd6 21. Nh4 Nc5 22. Bxa8 Ba6 23. Bd5+ Kf8 24. Qh5 g6 25. Nxg6+ 1-0

[Event "*** SCC Grand Prix: Titled Tuesday Blitz"]
[Site "Chess.com"]
[Date "2020.06.02"]
[Round "6"]
[White "Love_craft"]
[Black "saikrishnaReturns"]
[Result "0-1"]
[WhiteElo "2453"]
[BlackElo "2640"]
[TimeControl "180+1"]
[EndTime "11:07:25 PDT"]
[Termination "saikrishnaReturns won by checkmate"]

1. d4 Nf6 2. c4 g6 3. Nc3 Bg7 4. e4 d6 5. Be2 O-O 6. Be3 e5 7. d5 Ne8 8. g4 f5 9. gxf5 gxf5 10. Nf3 f4 11. Bd2 Kh8 12. Qc2 Bf6 13. O-O-O Bh3 14.
Kb1 Nd7 15. Rhg1 Nc5 16. Bf1 Qd7 17. Bc1 Ng7 18. Qe2 a5 19. Bg2 Rg8 20. Qf1 Bg4 21. h3 Bh5 22. Qe2 a4 23. Rh1 Nf5 24. exf5 Qxf5+ 25. Qc2 Qxc2+ 26. Kxc2 Rxg2 27. Ne1 Bg6+ 28. Kd2 Rxf2+ 29. Ne2 f3 30. Ke3 Rxe2+ 31. Kxf3 Bh5+ 32.
Kg3 Rg8+ 33. Bg5 Rxg5+ 34. Kh4 Rf5+ 35. Kg3 Ne4# 0-1

[Event "*** SCC Grand Prix: Titled Tuesday Blitz"]
[Site "Chess.com"]
[Date "2020.06.02"]
[Round "6"]
[White "cukin84"]
[Black "Rodchenkov_Vitalij"]
[Result "0-1"]
[WhiteElo "2200"]
[BlackElo "2438"]
[TimeControl "180+1"]
[EndTime "11:07:26 PDT"]
[Termination "Rodchenkov_Vitalij won by resignation"]

1. e4 e6 2. d4 d5 3. Nc3 Nf6 4. e5 Nfd7 5. f4 c5 6. Nf3 Nc6 7. Be3 Be7 8. Qd2 O-O 9. Bd3 b6 10. O-O Bb7 11. Nd1 cxd4 12. Nxd4 Nxd4 13. Bxd4 Nc5 14.
c3 Qc7 15. Bc2 Rac8 16. Ne3 Ne4 17. Qe2 Bc5 18. Bxc5 Qxc5 19. Kh1 Ba6 20. Qh5 Qxe3 21. Bxe4 dxe4 22. Rae1 Qd2 23. f5 Bxf1 24. Rxf1 e3 25.
f6 e2 26. Rg1 e1=Q 0-1

[Event "*** SCC Grand Prix: Titled Tuesday Blitz"]
[Site "Chess.com"]
[Date "2020.06.02"]
[Round "6"]
[White "FairChess_on_YouTube"]
[Black "abykhovsky"]
[Result "0-1"]
[WhiteElo "2999"]
[BlackElo "2807"]
[TimeControl "180+1"]
[EndTime "11:07:27 PDT"]
[Termination "abykhovsky won by resignation"]

1. Nf3 Nf6 2. c4 c5 3. Nc3 Nc6 4. d4 cxd4 5. Nxd4 e6 6. e3 Be7 7.
Be2 O-O 8. O-O b6 9. b3 Bb7 10.
Bb2 Rc8 11. Rc1 Qc7 12. Bf3 Qb8 13. h3 Rfd8 14. Nde2 d5 15. cxd5 Nb4 16. Nf4 Nbxd5 17. Ncxd5 Nxd5 18. Bxd5 Bxd5 19. Qg4 g6 20. Rxc8 Qxc8 21.
Nh5 e5 22. Qg3 Qf5 23. Bxe5 Qxh5 24. Ba1 Qg5 25. Qh2 Bf3 26. Rc1 Ba3 27. Rf1 Bd6 28.
Qh1 Rc8 29. Bd4 Rc2 30. e4 Bxe4 31. Be3 Qd5 32. h4 h5 33. Qh3 Bf5 34. Qf3 Qxf3 35. gxf3 Rxa2 36. Rd1 Bc5 37. Bg5 Kg7 0-1

[Event "*** SCC Grand Prix: Titled Tuesday Blitz"]
[Site "Chess.com"]
[Date "2020.06.02"]
[Round "6"]
[White "crazy_but_lazy"]
[Black "CzechmVIII"]
[Result "1-0"]
[WhiteElo "2400"]
[BlackElo "2178"]
[TimeControl "180+1"]
[EndTime "11:07:27 PDT"]
[Termination "crazy_but_lazy won by resignation"]

1. d4 Nf6 2. c4 c5 3. Nf3 cxd4 4.
Nxd4 b6 5. Nc3 Bb7 6. f3 d6 7. e4 e6 8. Be3 Be7 9. Be2 O-O 10. O-O a6 11. Qd2 Nbd7 12. Rfd1 Rc8 13. Rac1 Qc7 14. Bf1 Rfe8 15. Qf2 Qb8 16. b3 Bd8 17. g3 Bc7 18.
Bg2 d5 19. cxd5 exd5 20. exd5 Nxd5 21. Nxd5 Bxd5 22. Nf5 Be6 23. Nd4 Ne5 24. Nxe6 Rxe6 25. Bh3 Rf6 26. f4 Re8 27. Bd4 h5 28. Qg2 Ng4 29. Bxg4 hxg4 30. Bxf6 gxf6 31. Qc6 Bd8 32. Qxe8+ 1-0

[Event "*** SCC Grand Prix: Titled Tuesday Blitz"]
[Site "Chess.com"]
[Date "2020.06.02"]
[Round "6"]
[White "Torrentec"]
[Black "simonachess"]
[Result "0-1"]
[WhiteElo "2298"]
[BlackElo "2181"]
[TimeControl "180+1"]
[EndTime "11:07:27 PDT"]
[Termination "simonachess won by resignation"]

1. e4 c5 2. Nf3 Nc6 3. Bb5 g6 4. O-O Bg7 5. Re1 e5 6. c3 Nge7 7. d4 cxd4 8. cxd4 exd4 9. e5 a6 10. Bc4 d5 11. exd6 Qxd6 12. Nbd2 O-O 13. Ne4 Qc7 14. Bg5 Bg4 15. Nf6+ Bxf6 16. Bxf6 Rfe8 17. h3 Qf4 18. hxg4 Qxf6 19. Qd2 b5 20. Bb3 Rad8 21. Qh6 Qg7 22. Qd2 d3 23. Ng5 Rf8 24. Qf4 Rd4 25.
Qc7 Qf6 26. Ne4 Qe5 27. g5 Qxc7 28. Nf6+ Kg7 29. Rac1 h6 30. Nd5 Nxd5 0-1

[Event "*** SCC Grand Prix: Titled Tuesday Blitz"]
[Site "Chess.com"]
[Date "2020.06.02"]
[Round "6"]
[White "Vitor-Moraes"]
[Black "MariaFominykh"]
[Result "0-1"]
[WhiteElo "2011"]
[BlackElo "2268"]
[TimeControl "180+1"]
[EndTime "11:07:27 PDT"]
[Termination "MariaFominykh won by resignation"]

1. e4 e6 2. d4 d5 3. Nd2 c5 4.
Ngf3 Nc6 5. exd5 Qxd5 6. Bc4 Qd6 7. O-O cxd4 8. Re1 Nf6 9. Nb3 Be7 10. Nbxd4 Nxd4 11. Nxd4 O-O 12. c3 a6 13. Qf3 Qc7 14. Bb3 b5 15. Bf4 Qb7 16. Qe2 Nd5 17. Bg3 Bg5 18. Qg4 h6 19. h4 Bf6 20. Rad1 Nb6 21. Be5 Nd7 22. Bf4 e5 23. Bxh6 exd4 24. Rd3 Ne5 0-1

[Event "*** SCC Grand Prix: Titled Tuesday Blitz"]
[Site "Chess.com"]
[Date "2020.06.02"]
[Round "6"]
[White "Diego_FloresQ"]
[Black "Olga_Zhuravleva"]
[Result "0-1"]
[WhiteElo "2421"]
[BlackElo "2267"]
[TimeControl "180+1"]
[EndTime "11:07:31 PDT"]
[Termination "Olga_Zhuravleva won by resignation"]

1. Nf3 Nf6 2. g3 b6 3. Bg2 Bb7 4. O-O e6 5. d3 c5 6. e4 d6 7. Nbd2 Qc7 8. Re1 Nbd7 9. a4 a6 10.
Nc4 b5 11. axb5 axb5 12. Rxa8+ Bxa8 13. Na3 Bc6 14. Bf4 e5 15. Be3 Be7 16. Nd2 O-O 17. f4 Qb7 18. f5 d5 19. g4 h6 20. h4 dxe4 21. dxe4 Nxe4 22. Nxe4 Bxe4 23. Bxe4 Qxe4 24. Qxd7 Qxg4+ 25. Kf1 Bxh4 26. Re2 Qf3+ 27. Bf2 Rd8 28. Qxb5 Rd1+ 0-1

[Event "*** SCC Grand Prix: Titled Tuesday Blitz"]
[Site "Chess.com"]
[Date "2020.06.02"]
[Round "6"]
[White "qqwow"]
[Black "H3nriqueTV"]
[Result "0-1"]
[WhiteElo "2347"]
[BlackElo "2194"]
[TimeControl "180+1"]
[EndTime "11:07:32 PDT"]
[Termination "H3nriqueTV won by resignation"]

1. d4 d5 2. Bf4 Nf6 3. e3 Bf5 4. Nf3 c6 5. h3 h6 6. Bd3 e6 7.
Bxf5 exf5 8. O-O Bd6 9. Be5 O-O 10. Qd3 Ne4 11. Nbd2 Bxe5 12. Nxe5 Nd7 13. Nxd7 Qxd7 14.
f3 Ng3 15. Rfe1 Rae8 16. c4 Qe7 17. a3 Qg5 18. Nf1 f4 19. Nxg3 Qxg3 20. e4 dxe4 21. Rxe4 f5 22. Re2 Rxe2 23. Qxe2 Rf6 24. d5 cxd5 25.
cxd5 Rd6 26. Rc1 Kh7 27. Qe5 Rg6 28. Rc2 Qxf3 29. Qxf5 Qe3+ 30. Kh1 Qe1+ 31. Kh2 Qg3+ 32. Kh1 Qe1+ 33. Kh2 Qg3+ 34. Kg1 f3 35. Rf2 fxg2 36. Qe4 Qh2+ 0-1

[Event "*** SCC Grand Prix: Titled Tuesday Blitz"]
[Site "Chess.com"]
[Date "2020.06.02"]
[Round "6"]
[White "bait_or_mate"]
[Black "Parkas"]
[Result "1-0"]
[WhiteElo "2545"]
[BlackElo "2319"]
[TimeControl "180+1"]
[EndTime "11:07:33 PDT"]
[Termination "bait_or_mate won by resignation"]

1. d4 g6 2. e4 Bg7 3. Nc3 a6 4. a4 d6 5. Be3 Nd7 6. h3 Ngf6 7. g4 h6 8. Bg2 c5 9. Nge2 cxd4 10. Bxd4 O-O 11. O-O Qa5 12. Kh1 Nc5 13. f4 e5 14.
fxe5 dxe5 15. Be3 Be6 16. Qe1 Qb4 17. a5 Qxb2 18. Bxc5 Rfc8 19. Be7 Nd7 20. Qd2 Bb3 21. Qxd7 Qxc2 22. Rac1 Qb2 23. Rb1 Qc2 24. Rfc1 Be6 25. Qxc8+ Rxc8 26. Rxc2 1-0

[Event "*** SCC Grand Prix: Titled Tuesday Blitz"]
[Site "Chess.com"]
[Date "2020.06.02"]
[Round "6"]
[White "Oglob71"]
[Black "eljanov"]
[Result "0-1"]
[WhiteElo "2516"]
[BlackElo "2813"]
[TimeControl "180+1"]
[EndTime "11:07:34 PDT"]
[Termination "eljanov won by resignation"]

1. d4 Nf6 2. Nf3 e6 3. c4 b6 4. Bf4 Bb7 5. e3 Bb4+ 6. Nfd2 O-O 7. a3 Be7 8. Nc3 c5 9. d5 exd5 10. cxd5 d6 11. e4 Re8 12. Bd3 Ba6 13. Bxa6 Nxa6 14.
O-O Bf8 15. Re1 Nc7 16. a4 Qd7 17. Nc4 g6 18. h3 b5 19. axb5 Nxb5 20. Nxb5 Qxb5 21.
Nxd6 Bxd6 22. Bxd6 Nxe4 23. Bf4 Qxb2 24. Qf3 Nc3 25.
Rxe8+ Rxe8 26. Rxa7 Ne2+ 27. Kh2 Qb1 28. h4 h5 29. Bd6 Qg1+ 30. Kh3 Qh1+ 31. Bh2 Ng1+ 0-1

[Event "*** SCC Grand Prix: Titled Tuesday Blitz"]
[Site "Chess.com"]
[Date "2020.06.02"]
[Round "6"]
[White "Terao90"]
[Black "nihalsarin"]
[Result "0-1"]
[WhiteElo "2309"]
[BlackElo "2990"]
[TimeControl "180+1"]
[EndTime "11:07:35 PDT"]
[Termination "nihalsarin won by checkmate"]

1. c4 Nf6 2. Nc3 g6 3. g3 d6 4. Bg2 Bg7 5. d3 O-O 6. Nf3 Nbd7 7. O-O e5 8. Rb1 Re8 9. b4 e4 10. dxe4 Nxe4 11. Nxe4 Rxe4 12. Nd2 Re8 13. Bb2 a5 14. a3 axb4 15. axb4 Ne5 16. Qb3 Bf5 17. Ra1 c6 18.
b5 Qc7 19. h3 Be6 20. Rfc1 Rxa1 21. Bxa1 Ra8 22. Bb2 h5 23. f4 Nd7 24. Bxg7 Kxg7 25.
bxc6 bxc6 26. Qc3+ Kg8 27. Ne4 Bf5 28. Nf6+ Nxf6 29. Qxf6 Re8 30. Kf2 Qa7+ 31. c5 dxc5 32. Qxc6 c4+ 33. Kf1 Qe3 34. Re1 c3 35. Qf3 Qd2 36.
e4 c2 37. exf5 Rxe1# 0-1

[Event "*** SCC Grand Prix: Titled Tuesday Blitz"]
[Site "Chess.com"]
[Date "2020.06.02"]
[Round "6"]
[White "Redbandit87"]
[Black "Kavyev_Ruslan"]
[Result "0-1"]
[WhiteElo "2335"]
[BlackElo "2536"]
[TimeControl "180+1"]
[EndTime "11:07:35 PDT"]
[Termination "Kavyev_Ruslan won by resignation"]

1. d4 Nf6 2. Bf4 c5 3. e3 Qb6 4.
Na3 cxd4 5. exd4 Nd5 6. Bg3 Qxb2 7. Nb5 Qb4+ 8. c3 Qa5 9. Bc4 a6 10. Bxd5 axb5 11. Qb3 e6 12. Bf3 d5 13. Ne2 b4 14.
O-O bxc3 15. Nxc3 Bb4 16. Bxd5 Bxc3 17. Rfc1 Qxd5 18. Rxc3 Qxb3 19. Rxc8+ Kd7 20. Rxh8 Rxa2 21. Rc1 Rc2 22. Rf1 Nc6 23. Rxh7 Nxd4 24. Rxg7 Ne2+ 25. Kh1 Ke7 26. Bh4+ Kf8 27. Rg4 Rc4 28. f4 Qd3 0-1

[Event "*** SCC Grand Prix: Titled Tuesday Blitz"]
[Site "Chess.com"]
[Date "2020.06.02"]
[Round "6"]
[White "zajka-molotok"]
[Black "BJthechessgod"]
[Result "1-0"]
[WhiteElo "2376"]
[BlackElo "2073"]
[TimeControl "180+1"]
[EndTime "11:07:35 PDT"]
[Termination "zajka-molotok won on time"]

1. c4 Nf6 2. g3 e5 3. Bg2 Nc6 4. Nc3 Be7 5. d3 O-O 6. Nf3 d6 7. O-O Bg4 8. h3 Bh5 9. Rb1 Qd7 10. b4 Bxf3 11. exf3 Nd4 12. f4 c6 13. fxe5 dxe5 14. Be3 Rfd8 15. b5 cxb5 16. Nxb5 Nf5 17. Bxa7 Nd6 18.
Bb6 Nxb5 19. Rxb5 Rdb8 20. a4 e4 21. dxe4 Qxd1 22. Rxd1 Rxa4 23. e5 Ne8 24. Rd7 Bf8 25. Bd5 h5 26. Rxf7 1-0

[Event "*** SCC Grand Prix: Titled Tuesday Blitz"]
[Site "Chess.com"]
[Date "2020.06.02"]
[Round "6"]
[White "AniJak"]
[Black "malandragem"]
[Result "0-1"]
[WhiteElo "2258"]
[BlackElo "2476"]
[TimeControl "180+1"]
[EndTime "11:07:36 PDT"]
[Termination "malandragem won by resignation"]

1. e4 e5 2. Nc3 Nc6 3. g3 Nf6 4. Bg2 Bc5 5. d3 d6 6. Nge2 a6 7. O-O h6 8. a3 O-O 9. h3 Be6 10. Nd5 Nd4 11. c3 Nxe2+ 12. Qxe2 c6 13. Nxf6+ Qxf6 14.
Be3 Bxe3 15. fxe3 Qg5 16. Kh2 f5 17. exf5 Bxf5 18. e4 Be6 19. d4 Rxf1 20. Rxf1 Rf8 21. Rxf8+ Kxf8 22. d5 cxd5 23. exd5 Bf5 24. Qc4 Qd2 25.
Qc7 Be4 26. Qxd6+ Kg8 27. Qe6+ Kh7 0-1

[Event "*** SCC Grand Prix: Titled Tuesday Blitz"]
[Site "Chess.com"]
[Date "2020.06.02"]
[Round "6"]
[White "Gyapiking"]
[Black "Sanroto99"]
[Result "1-0"]
[WhiteElo "2499"]
[BlackElo "2291"]
[TimeControl "180+1"]
[EndTime "11:07:36 PDT"]
[Termination "Gyapiking won by resignation"]

1. d4 d5 2. Nf3 Nf6 3. e3 c5 4. dxc5 Nc6 5. c3 a5 6. Bb5 Bg4 7. h3 Bxf3 8. Qxf3 e5 9. b4 e4 10. Qg3 Nd7 11. O-O Qf6 12. Qc7 Rd8 13. Qxb7 Nce5 14. c6 Bd6 15. cxd7+ Ke7 16. Qxd5 Qg6 17. Rd1 Nf3+ 18. Kh1 Nh4 19. Qxd6+ Qxd6 20. Rxd6 Kxd6 21.
bxa5 Ng6 22. a4 Ne5 23. Ba3+ Kc7 24. Nd2 f5 25. a6 Nxd7 26. Nc4 Nb6 27. Nxb6 Kxb6 28.
c4 Rd2 29. a5+ Kc7 30. Bc5 Rxf2 31. Bb6+ Kb8 32. a7+ Kb7 33. c5 Rc2 34. a6+ 1-0

[Event "*** SCC Grand Prix: Titled Tuesday Blitz"]
[Site "Chess.com"]
[Date "2020.06.02"]
[Round "6"]
[White "A-Adly"]
[Black "DanielDardha2005"]
[Result "1-0"]
[WhiteElo "2842"]
[BlackElo "2668"]
[TimeControl "180+1"]
[EndTime "11:07:38 PDT"]
[Termination "A-Adly won by resignation"]

1. Nf3 Nf6 2. g3 b6 3. Bg2 Bb7 4. O-O g6 5. c4 Bg7 6. d4 O-O 7. d5 Na6 8. Nc3 Nc5 9. Nd4 e5 10. Nc2 a5 11. b3 d6 12. Rb1 Nh5 13. e4 Bc8 14. Ne3 Bh6 15. a3 Ng7 16. b4 axb4 17.
axb4 Nd7 18. Nb5 f5 19. Nxf5 Nxf5 20. exf5 Bxc1 21. Qxc1 gxf5 22. Ra1 Ba6 23. Ra3 Nf6 24. Qg5+ Kh8 25. Rfa1 Bb7 26. Rxa8 Bxa8 27. Qxf5 Nxd5 28. Qb1 c6 29. cxd5 cxb5 30. Ra7 1-0

[Event "*** SCC Grand Prix: Titled Tuesday Blitz"]
[Site "Chess.com"]
[Date "2020.06.02"]
[Round "6"]
[White "Grandmaster2B"]
[Black "secretsuperstar7"]
[Result "1-0"]
[WhiteElo "2427"]
[BlackElo "2222"]
[TimeControl "180+1"]
[EndTime "11:07:39 PDT"]
[Termination "Grandmaster2B won by resignation"]

1. e4 c5 2. Nf3 d6 3. d4 cxd4 4. Nxd4 Nf6 5. Nc3 Nc6 6. f3 e5 7. Nb3 Be6 8. Nd5 a5 9. a4 Nd7 10. Be3 Nc5 11. Bb5 Be7 12. O-O O-O 13. c3 Bg5 14. Bf2 Nd7 15. Qd3 f5 16. Rad1 fxe4 17. fxe4 Bg4 18. Rde1 Qe8 19. Nc7 Qg6 20. Nxa8 Rxa8 21.
h3 Be6 22. Qxd6 Bxb3 23. Qxd7 Bd2 24. Qxd2 Be6 25. Qe3 1-0

[Event "*** SCC Grand Prix: Titled Tuesday Blitz"]
[Site "Chess.com"]
[Date "2020.06.02"]
[Round "6"]
[White "Giraffe_Chess"]
[Black "Gennady_Kozlov"]
[Result "0-1"]
[WhiteElo "2386"]
[BlackElo "2570"]
[TimeControl "180+1"]
[EndTime "11:07:41 PDT"]
[Termination "Gennady_Kozlov won by checkmate"]

1. d4 e6 2. Nf3 Nf6 3. c4 b6 4.
g3 Bb7 5. Bg2 Be7 6. O-O O-O 7. d5 exd5 8. Nh4 Ne4 9. cxd5 Nd6 10.
Nf3 Bf6 11. Nc3 Na6 12. e4 Bxc3 13. bxc3 Nxe4 14. Qd4 Nac5 15. Ne5 Nd6 16. c4 Qf6 17. Bb2 Rfe8 18. Rae1 Nf5 19. Qf4 d6 20. Bh3 dxe5 21.
Qxf5 Qxf5 22. Bxf5 f6 23. f4 e4 24. Bd4 g6 25.
Bxc5 gxf5 26. Bd4 Kf7 27. Kf2 c6 28. dxc6 Bxc6 29. Ke3 Rac8 30. Rc1 Bb7 31. c5 bxc5 32. Rxc5 Rxc5 33. Bxc5 Rc8 34. Bxa7 Rc3+ 35. Kd2 Ra3 36. Rf2 Rxa2+ 37. Ke3 Rxa7 38. Rc2 Bd5 39. Rc5 Ke6 40. Rb5 Ra3+ 41. Kd4 Rd3+ 42. Kc5 e3 43. Rb6+ Kf7 44. Rb8 e2 45. Rh8 e1=Q 46. Rxh7+ Kg6 47. Rd7 Qc3+ 48.
Kd6 Qc6+ 49. Ke7 Re3+ 50. Kf8 Qxd7 51. h4 Rxg3 52. h5+ Kh7 53. h6 Rg5 54. fxg5 Kg6 55. h7 Qd6+ 56. Ke8 Bf7# 0-1

[Event "*** SCC Grand Prix: Titled Tuesday Blitz"]
[Site "Chess.com"]
[Date "2020.06.02"]
[Round "6"]
[White "northridgehawk"]
[Black "CarlssonLudvig"]
[Result "1-0"]
[WhiteElo "2304"]
[BlackElo "2490"]
[TimeControl "180+1"]
[EndTime "11:07:42 PDT"]
[Termination "northridgehawk won on time"]

1. e4 c5 2. Nf3 d6 3. d4 cxd4 4. Nxd4 Nf6 5. Nc3 a6 6. h3 e5 7. Nde2 h5 8. g3 Be7 9. Bg2 b5 10. O-O Bb7 11. Be3 Nbd7 12. Nd5 Nxd5 13. exd5 h4 14.
g4 g5 15. Nc3 Kf8 16. Ne4 f6 17. Qd2 Kg7 18. a4 Nb6 19. b3 bxa4 20. c4 axb3 21. Qb4 Nxd5 22. cxd5 Bxd5 23. Nxg5 fxg5 24. Bxd5 Rb8 25.
Qe4 b2 26. Rxa6 Rf8 27. Ra7 b1=Q 28. Rxb1 Rxb1+ 29. Qxb1 1-0

[Event "*** SCC Grand Prix: Titled Tuesday Blitz"]
[Site "Chess.com"]
[Date "2020.06.02"]
[Round "6"]
[White "LiamPutnam2008"]
[Black "imdarealist"]
[Result "1-0"]
[WhiteElo "2532"]
[BlackElo "2261"]
[TimeControl "180+1"]
[EndTime "11:07:43 PDT"]
[Termination "LiamPutnam2008 won by resignation"]

1. Nf3 d5 2. d4 Nf6 3. c4 e6 4. g3 Bb4+ 5. Nbd2 O-O 6. Bg2 a6 7. O-O dxc4 8. Nxc4 Bd7 9. Qb3 Nc6 10. a3 Be7 11. Bf4 b5 12. Nce5 Nd5 13. Rac1 Na5 14.
Qc2 Rc8 15. Rfd1 f6 16. Nxd7 Qxd7 17. Bd2 Nc4 18. e4 Ndb6 19. Bc3 Rfd8 20. Bh3 Na4 21. d5 f5 22. dxe6 Qxe6 23. Bxf5 Qh6 24. Bxc8 Rxc8 25. Rd7 Bc5 26. Rxg7+ Kf8 27. Rg5 Qe6 28. Bg7+ Kf7 29. Rxc5 Nxc5 30. Ng5+ Ke7 31. Nxe6 Kxe6 32. b3 1-0

[Event "*** SCC Grand Prix: Titled Tuesday Blitz"]
[Site "Chess.com"]
[Date "2020.06.02"]
[Round "6"]
[White "nitpicker"]
[Black "Kostya26"]
[Result "1-0"]
[WhiteElo "2231"]
[BlackElo "2406"]
[TimeControl "180+1"]
[EndTime "11:07:45 PDT"]
[Termination "nitpicker won by resignation"]

1. d4 d5 2. c4 c6 3. Nf3 Nf6 4. e3 e6 5. Nc3 Nbd7 6. Bd3 Bd6 7.
e4 dxe4 8. Nxe4 Nxe4 9. Bxe4 Nf6 10. Bc2 b6 11. O-O Bb7 12. b3 Qc7 13. Bb2 O-O-O 14.
Qe2 c5 15. h3 cxd4 16. Nxd4 Bc5 17. Rfd1 Qf4 18. Nb5 Ne4 19. Bxe4 Bxe4 20. Nxa7+ Kb7 21. Nb5 f5 22. Bd4 Bd6 23. Nxd6+ Rxd6 24. Be3 Qe5 25. f4 Rxd1+ 26. Rxd1 Qc7 27. Qd2 Ra8 28. a4 Rc8 29. Qb4 Qc6 30. Rd6 Qc7 31. Rxb6+ Ka8 1-0

[Event "*** SCC Grand Prix: Titled Tuesday Blitz"]
[Site "Chess.com"]
[Date "2020.06.02"]
[Round "6"]
[White "ecwinslow"]
[Black "MateSchmate"]
[Result "0-1"]
[WhiteElo "2146"]
[BlackElo "2392"]
[TimeControl "180+1"]
[EndTime "11:07:45 PDT"]
[Termination "MateSchmate won by resignation"]

1. e4 e6 2. d4 d5 3. Nd2 a6 4.
Bd3 c5 5. exd5 Qxd5 6. Ngf3 Nc6 7. dxc5 Bxc5 8. Ne4 Be7 9. Qe2 Nf6 10. O-O O-O 11.
Bd2 e5 12. Nxf6+ Bxf6 13. Qe4 Qxe4 14. Bxe4 Bg4 15. h3 Bxf3 16. Bxf3 Nd4 17. Be4 Rac8 18. c3 Nc6 19. Be3 Rfd8 20. Rfd1 Rxd1+ 21. Rxd1 Rd8 22.
Rxd8+ Bxd8 23. Kf1 g6 24. Ke2 f5 25. Bd5+ Kf8 26. Kd3 Ke7 27. b4 Kd6 28. Bg8 e4+ 29. Kc4 Ne5+ 30. Kb3 Nd3 31. c4 f4 32. Bd4 Bh4 33.
c5+ Kc6 34. Bxh7 Bxf2 35. Bxf2 Nxf2 36. Kc3 g5 37. Kd2 e3+ 38. Ke2 Nh1 39. Bf5 Ng3+ 0-1

[Event "*** SCC Grand Prix: Titled Tuesday Blitz"]
[Site "Chess.com"]
[Date "2020.06.02"]
[Round "6"]
[White "canary2016"]
[Black "marszach123"]
[Result "1-0"]
[WhiteElo "1973"]
[BlackElo "2132"]
[TimeControl "180+1"]
[EndTime "11:07:45 PDT"]
[Termination "canary2016 won on time"]

1. Nf3 Nf6 2. g3 e6 3. d4 d5 4.
Bg2 Be7 5. c4 O-O 6. O-O dxc4 7.
Qc2 a6 8. a4 Bd7 9. Ne5 Bc6 10.
Nxc6 Nxc6 11. e3 Na5 12. Bd2 Nb3 13. Ra2 Nd5 14. Qxc4 Nxd2 15. Nxd2 Qd7 16. Rc1 Rfc8 17. Raa1 b5 18. axb5 axb5 19. Qc2 c6 20. Ne4 Qb7 21. Nc5 Bxc5 22. Qxc5 Rxa1 23. Rxa1 Ra8 24. Rc1 Ra6 25. Qd6 g6 26. Qd8+ Kg7 27. e4 Nf6 28. e5 Nd5 29.
Bxd5 exd5 30. Qf6+ Kg8 31. e6 fxe6 32. Qxe6+ Kg7 33.
Qe5+ Kg8 34. Re1 Qd7 35. Qb8+ Kg7 36. Qe5+ Kg8 37. Qf6 Ra7 38. Re6 Rc7 39. Rd6 Qe7 40. Rd8+ 1-0

[Event "*** SCC Grand Prix: Titled Tuesday Blitz"]
[Site "Chess.com"]
[Date "2020.06.02"]
[Round "6"]
[White "Lion-Al-Messi"]
[Black "Witik"]
[Result "1-0"]
[WhiteElo "2361"]
[BlackElo "2550"]
[TimeControl "180+1"]
[EndTime "11:07:46 PDT"]
[Termination "Lion-Al-Messi won on time"]

1. e4 c6 2. Nf3 d6 3. Nc3 h6 4.
d4 g5 5. Bc4 Bg7 6. Be3 b5 7.
Bb3 Nd7 8. Ne2 Ngf6 9. Ng3 e6 10. Qe2 a5 11. a3 Ba6 12. e5 dxe5 13. dxe5 Nd5 14. Ne4 Nxe5 15. Nxe5 Bxe5 16. O-O O-O 17. Qh5 Nxe3 18. fxe3 Kg7 19. Rad1 Qe7 20. h4 f6 21.
hxg5 hxg5 22. Nc5 Rh8 23. Nxe6+ Qxe6 24. Qxh8+ Rxh8 25. Bxe6 g4 26. Rd7+ Kh6 27. Bxg4 Bxb2 28. Kf2 Kg5 29. Rg7+ Kh6 30. Ra7 Kg5 31. Bf3 Bc8 32.
Rg7+ Kh6 33. Rg3 Bxa3 34. Rh1+ 1-0

[Event "*** SCC Grand Prix: Titled Tuesday Blitz"]
[Site "Chess.com"]
[Date "2020.06.02"]
[Round "6"]
[White "fodorpoti"]
[Black "chessplayer9919"]
[Result "1-0"]
[WhiteElo "2765"]
[BlackElo "2518"]
[TimeControl "180+1"]
[EndTime "11:07:49 PDT"]
[Termination "fodorpoti won by resignation"]

1. d4 Nf6 2. c4 c5 3. d5 b5 4.
Nf3 bxc4 5. Nc3 d6 6. e4 g6 7. Bxc4 Nbd7 8. O-O Bg7 9. Re1 O-O 10. h3 Rb8 11.
Nd2 Ne8 12. Bf1 Nc7 13. Nc4 Ne5 14. Ne3 Ba6 15. Bxa6 Nxa6 16. f4 Nd7 17. Qe2 Qa5 18. Nc4 Qc7 19. Bd2 Nb4 20. Rac1 Nb6 21. a3 Bxc3 22.
bxc3 Na6 23. Na5 Nxd5 24. Qxa6 Nf6 25. Nc4 Qd7 26. Kh1 Qe6 27. e5 dxe5 28. Qxe6 fxe6 29.
Rxe5 Nd5 30. Rxe6 Nxf4 31. Bxf4 Rxf4 32. Ne3 Rbf8 33. Rxe7 Ra4 34. Rd1 Rxa3 35. Rdd7 Rf2 36. Rg7+ Kf8 37. Rxh7 Ke8 38. Rb7 Ra1+ 39. Kh2 Rd1 40.
Nxd1 1-0

[Event "*** SCC Grand Prix: Titled Tuesday Blitz"]
[Site "Chess.com"]
[Date "2020.06.02"]
[Round "6"]
[White "atwalcb"]
[Black "PSvidler"]
[Result "0-1"]
[WhiteElo "2384"]
[BlackElo "2979"]
[TimeControl "180+1"]
[EndTime "11:07:49 PDT"]
[Termination "PSvidler won by resignation"]

1. d4 d6 2. e4 Nf6 3. Nc3 g6 4. f4 Bg7 5. Nf3 O-O 6. Be2 c5 7. dxc5 Qa5 8. O-O Qxc5+ 9. Kh1 Bg4 10. Qd3 Nc6 11. Be3 Qa5 12. a3 Nd7 13. b4 Qd8 14. Rab1 Rc8 15. Nd5 e6 16. b5 exd5 17. bxc6 dxe4 18.
Qxe4 bxc6 19. Bxa7 Re8 20. Qd3 Bf5 21. Qd2 Nc5 22.
Bxc5 dxc5 23. Bd3 Be6 24. Be4 Qxd2 25. Nxd2 Red8 26. Rfd1 Rd4 27. Bf3 Rxf4 28. Ne4 c4 29. Nd6 Rd8 30. Bxc6 Rf2 31. Be4 Be5 32. Nb5 Rxd1+ 33.
Rxd1 f5 34. Bf3 Rxc2 35. a4 Ra2 36. Re1 Kf7 37. g3 Kf6 38. Rc1 Rxa4 39. Kg2 Ra2+ 40. Kf1 Rxh2 41. Be2 Rh1+ 0-1